Map: [ESL] Oceanborn

Players

Creator - Winner!

  • Race: Protoss Protoss
  • Spawn Location: 5:00

Ryung

  • Race: Terran Terran
  • Spawn Location: 11:00

Event: ESL Spring 2024 Finals

VOD

Have the link to the VOD?

Description

Time

  • Played on: May 31, 2024, 2:52 p.m.
  • Length: 6:00

All games in this series

Show
View Real Time Build Order
Export as new Build Order

Creator Protoss - Winner!

Build Orders: 1 Gate Expand, Blink Stalkers 

Get SALT Encoding   

  12  0:00  Probe  
  13  0:12  Probe  
  14  0:16  Pylon  
  14  0:24  Probe (Chrono Boost)  
  15  0:36  Gateway, Probe (Chrono Boost)  
  16  0:43  Probe (Chrono Boost)  
  16  0:45  Assimilator  
  17  0:51  Probe  
  18  1:03  Probe  
  19  1:15  Probe  
  20  1:25  Cybernetics Core  
  20  1:32  Nexus  
  20  1:41  Pylon  
  20  1:43  Probe  
  21  1:47  Assimilator  
  21  1:55  Probe  
  21  1:59  Adept (Chrono Boost)  
  22  2:01  Warp Gate  
  22  2:07  Probe  
  25  2:19  Adept (Chrono Boost), Probe  
  28  2:28  Twilight Council  
  28  2:31  Probe  
  29  2:41  Stalker  
  32  2:44  Probe (Chrono Boost)  
  32  2:50  Probe (Chrono Boost)  
  33  2:53  Probe (Chrono Boost)  
  33  2:57  Probe (Chrono Boost)  
  35  2:58  Probe (Chrono Boost)  
  35  3:04  Blink (Chrono Boost)  
  36  3:08  Probe  
  36  3:10  Probe  
  38  3:14  Stalker  
  40  3:20  Probe  
  40  3:21  Gateway  
  40  3:23  Shield Battery, Probe  
  42  3:32  Probe  
  43  3:35  Probe  
  43  3:38  Robotics Facility  
  43  3:40  Pylon  
  44  3:45  Probe  
  45  3:53  Gateway x2  
  45  3:59  Stalker  
  45  4:01  Probe  
  47  4:03  Probe  
  44  4:15  Probe (Chrono Boost)  
  44  4:16  Pylon  
  46  4:18  Probe (Chrono Boost)  
  46  4:23  Gateway  
  47  4:24  Probe (Chrono Boost)  
  47  4:25  Warp Prism  
  47  4:28  Probe (Chrono Boost)  
  47  4:30  Probe  
  50  4:31  Stalker  
  50  4:36  Stalker  
  55  4:40  Probe  
  55  4:44  Probe  
  57  4:46  Pylon  
  57  4:49  Stalker  
  59  4:52  Assimilator  
  59  4:55  Stalker  
  61  5:02  Observer, Pylon  
  61  5:06  Stalker  
  64  5:09  Probe x2  
  64  5:23  Stalker x3  
  64  5:27  Pylon  
  68  5:30  Stalker  
  70  5:42  Probe x2  
  68  5:52  Stalker x3  
  72  5:58  Stalker  
Show
View Real Time Build Order
Export as new Build Order

Ryung Terran 

Build Orders: Liberator Opening 

Get SALT Encoding   

  12  0:00  SCV  
  13  0:12  SCV  
  14  0:16  Supply Depot  
  14  0:24  SCV  
  15  0:38  SCV  
  15  0:39  Barracks  
  15  0:42  Refinery  
  16  0:50  SCV  
  17  1:02  SCV  
  18  1:14  SCV  
  19  1:25  Marine  
  19  1:26  Orbital Command  
  20  1:42  Command Center  
  20  1:53  Factory  
  20  1:54  SCV  
  21  2:01  Barracks Reactor  
  21  2:06  SCV  
  22  2:09  Supply Depot  
  22  2:18  SCV  
  23  2:31  SCV  
  23  2:32  Refinery  
  24  2:39  Starport  
  24  2:43  SCV, Hellion x2  
  29  2:55  SCV  
  30  3:04  Hellion x2  
  30  3:05  Orbital Command  
  34  3:08  SCV  
  35  3:17  Medivac  
  37  3:20  SCV  
  38  3:27  Supply Depot  
  38  3:31  SCV  
  38  3:32  SCV  
  40  3:35  Cyclone  
  40  3:38  Cyclone  
  44  3:43  SCV  
  44  3:44  SCV  
  46  3:48  Liberator  
  46  3:55  SCV  
  50  3:56  SCV  
  50  4:02  Supply Depot  
  49  4:07  SCV  
  48  4:12  Cyclone  
  48  4:13  Cyclone  
  48  4:15  SCV  
  47  4:19  SCV  
  47  4:23  Command Center  
  48  4:28  SCV  
  49  4:31  SCV  
  50  4:40  SCV  
  50  4:42  Refinery  
  50  4:43  SCV, Refinery  
  50  4:45  Cyclone x2  
  56  4:52  SCV  
  57  4:53  Supply Depot, Barracks Tech Lab  
  57  4:56  SCV, Factory  
  58  5:04  SCV  
  58  5:08  SCV  
  58  5:11  Factory  
  59  5:16  SCV  
  59  5:20  SCV, Cyclone  
  59  5:21  Cyclone  
  63  5:28  SCV  
  63  5:32  SCV  
  62  5:40  SCV  
  63  5:44  SCV  
Tags
 
Add a new tag
Caveats
  • Supply blocks, unpowered buildings, or Contaminate may cause inaccurate times.
  • Supply counts are checked every 10 seconds.